 Dungeon Crawl Stone Soup version 0.31-a0-765-g67fe293 (webtiles) character file.

Game seed: 5416593953694545538

688 Nithhogg the Trooper (level 7, -3/63 HPs)
             Began as a Hill Orc Fighter on Aug 27, 2023.
             Succumbed to Dowan's poison
             ... on level 4 of the Dungeon on Sept 15, 2023.
             The game lasted 00:08:06 (3680 turns).

Nithhogg the Trooper (Hill Orc Fighter)             Turns: 3680, Time: 00:08:07

Health: -3/63      AC:  7    Str: 21    XL:     7   Next: 63%
Magic:  10/10      EV:  9    Int:  8    God:
Gold:   264        SH:  0    Dex: 10    Spells: 6/6 levels left

rFire   . . .        a - +0 war axe (venom)
rCold   + . .        (no shield)
rNeg    . . .        b - +0 scale mail
rPois   .            (no helmet)
rElec   .            (no cloak)
rCorr   .            (no gloves)
SInv    .            (no boots)
Will    .....        m - amulet of the acrobat Stlth
                     o - ring of protection from cold
HPRegen 0.30/turn    (no ring)
MPRegen 0.12/turn

%: acrobat
@: mighty, lethally poisoned (-3 -> -25)
A: no striking features
a: no special abilities


You were on level 4 of the Dungeon.
You visited 1 branch of the dungeon, and saw 5 of its levels.

You collected 264 gold pieces.

Inventory:

Hand Weapons
 a - a +0 war axe of venom (weapon)
Missiles
 g - 7 poisoned darts
Armour
 b - a +0 scale mail (worn)
 c - a +0 buckler
Jewellery
 m - an amulet of the acrobat (around neck)
 o - a ring of protection from cold (left hand)
Talismans
 p - a flux talisman
Wands
 u - a wand of flame (13)
Scrolls
 h - 2 scrolls of vulnerability
 k - 7 scrolls of identify
 l - a scroll of revelation
 q - 2 scrolls of immolation
 r - 3 scrolls of enchant weapon {unknown}
 t - a scroll of teleportation
 v - a scroll of poison {unknown}
Potions
 d - a potion of might
 e - a potion of ambrosia
 f - 3 potions of curing {unknown}
 i - a potion of enlightenment {unknown}
 j - 2 potions of degeneration {unknown}
 n - 2 potions of heal wounds {unknown}
 s - a potion of cancellation {unknown}
 w - a potion of brilliance {unknown}


   Skills:
 + Level 6.1 Fighting
 + Level 5.8 Axes
 + Level 5.5 Armour
 - Level 3.2 Shields
 + Level 5.0 Invocations


You had 6 spell levels left.
You didn't know any spells.
Your spell library contained the following spells:

 Spells                   Type           Power      Damage    Failure   Level
 Kiss of Death            Conj/Necr      0%         2d5       73%         1
 Confusing Touch          Hex            0%         N/A       97%         3
 Dispel Undead            Necr           0%         3d6       100%        4


Dungeon Overview and Level Annotations

Branches:
Dungeon (5/15)
 Temple: D:4-7

Altars:
Cheibriados
Hepliaklqana
Uskayaw

Annotations:
D:4 Dowan


Message History

Dowan completely misses you. Dowan misses you.
There is a stone staircase leading up here.
There are monsters nearby!
Dowan says, "Her death will not be in vain!"
Dowan points at you and mumbles some strange words.
The shard of ice misses you. Dowan barely misses you.
You climb upwards.
There is a stone staircase leading down here.
You are too injured to fight recklessly!
You closely miss Dowan. Dowan barely misses you.
You slash Dowan!
Dowan is moderately wounded.
Dowan mumbles some strange words.
Dowan blinks!
Dowan hits you with a +2 dagger of venom.
* * * LOW HITPOINT WARNING * * *
Dowan hits you with a +2 dagger of venom.
* * * LOW HITPOINT WARNING * * *
You closely miss Dowan.
Dowan is moderately wounded.
Dowan hits you but does no damage.
You are poisoned.
Dowan hits you but does no damage.
You closely miss Dowan.
Dowan is moderately wounded.
* * * LOW HITPOINT WARNING * * *
You feel very sick. Dowan hits you but does no damage.
You are lethally poisoned!
You barely miss Dowan.
Dowan is moderately wounded.
* * * LOW HITPOINT WARNING * * *
You feel very sick. Dowan hits you but does no damage.
You are more poisoned.
Dowan hits you but does no damage.
You are more poisoned.
You feel very mighty all of a sudden.
You die...

#....#.# #.#.#.).##.# ###.....#
#.#.##.###.#.....##.# #....##.#
..............#..##.# #.#####.#
....#.####.##.#..##.# #.# #.#
#.##...# #.#.....##.# #.# #.#
#.##...###..#.#..##.# #.# #.#
#........#..........# #.# #.#
#........##.#.#.e#### #.# #.###
#...............@# #.# #..).
#.......#####.##># #.# #.###
####....## #.##.# #.# ### # #
###...####.##.## #.# ### #
###.)))....#...#####.#######..
####.......####..............##..
..)........# #...##########.##..
####)).....# ##.## #.....
.........### #.# ###...


You could see Dowan (fast).

Vanquished Creatures
  Duvessa (D:5)
  A black bear (D:5)
  2 scorpions
  An orc priest (D:2)
  2 iguanas
  Natasha (thrice) (D:4)
  An orc wizard (D:4)
  4 gnolls (D:4)
  7 adders
  A white imp (D:5)
  An ufetubus (D:4)
  9 orcs
  6 ball pythons
  7 bats
  10 endoplasms
  2 giant cockroaches (D:3)
  5 goblins
  6 hobgoblins
  6 jackals (D:2)
  4 kobolds (D:1)
  3 quokkas
  7 frilled lizards
  5 rats
94 creatures vanquished.

Notes
Turn   | Place    | Note
-------+----------+-------------------------------------------
     0 | D:1      | Nithhogg the Hill Orc Fighter began the quest for the Orb.
     0 | D:1      | Reached XP level 1. HP: 19/19 MP: 1/1
   224 | D:1      | Reached XP level 2. HP: 27/27 MP: 2/2
   261 | D:1      | Reached skill level 1 in Invocations
   375 | D:1      | Found a faded altar of an unknown god.
   670 | D:1      | Reached skill level 4 in Fighting
   918 | D:2      | Found a hazy altar of Hepliaklqana.
   935 | D:2      | Reached XP level 3. HP: 33/33 MP: 4/4
  1281 | D:2      | Reached XP level 4. HP: 39/40 MP: 5/5
  1494 | D:2      | Upgraded the game from 0.31-a0-640-g39d97e5 to
                  | 0.31-a0-765-g67fe293
  1588 | D:2      | Reached XP level 5. HP: 47/47 MP: 7/7
  2210 | D:3      | Found a hide-covered altar of Uskayaw.
  2527 | D:4      | Reached skill level 5 in Fighting
  2527 | D:4      | Reached XP level 6. HP: 45/56 MP: 8/8
  2663 | D:4      | Noticed Natasha
  2668 | D:4      | Killed Natasha
  2849 | D:4      | Noticed Natasha
  2854 | D:4      | Killed Natasha
  2869 | D:4      | Found a snail-covered altar of Cheibriados.
  3062 | D:4      | Noticed Natasha
  3066 | D:4      | Killed Natasha
  3067 | D:4      | Reached skill level 5 in Axes
  3190 | D:5      | Entered Level 5 of the Dungeon
  3207 | D:5      | Reached skill level 5 in Armour
  3298 | D:5      | Reached XP level 7. HP: 57/61 MP: 10/10
  3624 | D:5      | Noticed Duvessa
  3624 | D:5      | Noticed Dowan
  3637 | D:5      | Killed Duvessa
  3638 | D:5      | Reached skill level 6 in Fighting
  3638 | D:5      | Reached skill level 5 in Invocations
  3679 | D:4      | HP: 1/63 [poisoned by Dowan]
  3680 | D:4      | Succumbed to Dowan's poison

Illustrated notes

Levels and vault maps discovered:
D:1:      minmay_arrival_five_plusses, layout_rooms, serial_bayou,
          serial_bayou_lake_a, serial_bayou_lagoon_b, serial_bayou_crossing,
          serial_bayou_lagoon_a, serial_bayou_pond_e,
          shapermc_ecumenical_altar_gd, st_stairs_14, minmay_unequal
D:2:      layout_basic, basic_altar
D:3:      layout_loops_ring, amcnicky_altar_gilded, minmay_close_crescents
D:4:      layout_loops_ring, nicolae_overflow_crystal_walls, uniq_natasha
D:5:      layout_rooms, mainiacjoe_overflow_alcove_4, uniq_duvessa

Skill      XL: |  1  2  3  4  5  6  7 |
---------------+----------------------+-----
Axes           | 3 4 5 |  5.8
Invocations    | 1 2 3 4 5 |  5.0
Fighting       | 4 5 6 |  6.1
Armour         | 4 5 |  5.5
Shields        | |  3.2

Action                     |  1- 3 |  4- 6 |  7- 9 || total
---------------------------+-------+-------+-------++-------
  Melee: War axe           |   110 |    91 |    36 ||   237
         Punch             |     1 |       |       ||     1
    Use: Scroll            |     4 |     3 |       ||     7
         Potion            |       |       |     1 ||     1
 Armour: Scale mail        |    87 |    68 |    47 ||   202
  Dodge: Dodged            |    73 |    63 |    29 ||   165

Table legend: (Time is in decaauts)
 A = Elapsed time spent in this place.
 B = Non-inter-level travel time spent in this place.
 C = Inter-level travel time spent in this place.
 D = Time resting spent in this place.
 E = Time spent auto-exploring this place.
 F = Levels seen in this place.
 G = Mean time per level.
                   A        B        C        D        E       F      G
               +--------+--------+--------+--------+--------+-----+--------+
         Total |   3818 |   3737 |     81 |      0 |   3087 |   5 |  763.6 |
       Dungeon |   3818 |   3737 |     81 |      0 |   3087 |   5 |  763.6 |
               +--------+--------+--------+--------+--------+-----+--------+

Top non-repeatable levels by time:
     D:1: 1001 daAuts
     D:4: 900 daAuts
     D:2: 879 daAuts
     D:3: 544 daAuts
     D:5: 492 daAuts
